 Dungeon Crawl Stone Soup version 0.31.0-11-ge490571c62 (webtiles) character file.

Game seed: 11562634172756531074

86 qw the Shooter (level 4, -2/25 HPs)
             Began as a Deep Elf Hunter on Feb 3, 2024.
             Succumbed to their own poison gas
             ... on level 2 of the Dungeon.
             The game lasted 00:00:06 (1933 turns).

qw the Shooter (Deep Elf Hunter)                    Turns: 1933, Time: 00:00:06

Health: -2/25      AC:  8    Str: 10    XL:     4   Next: 27%
Magic:  6/6        EV:  9    Int: 14    God:
Gold:   77         SH:  0    Dex: 18    Spells: 3/3 levels left

rFire   + . .        a - +0 shortbow
rCold   . . .        (shield currently unavailable)
rNeg    . . .        i - +0 scale mail {rF+}
rPois   .            (no helmet)
rElec   .            (no cloak)
rCorr   .            h - +0 pair of gloves
SInv    .            b - +0 pair of boots
Will    .....        (no amulet)
Stlth   +            (no ring)
HPRegen 0.24/turn    (no ring)
MPRegen 0.10/turn

%: no passive effects
@: lethally poisoned (-2 -> -26), invisible
A: no striking features
a: no special abilities


You were on level 2 of the Dungeon.
You visited 1 branch of the dungeon, and saw 3 of its levels.

You collected 77 gold pieces.


   Skills:
 - Level 1.5 Fighting
 + Level 7.7 Ranged Weapons
 - Level 2.4 Dodging
 - Level 1.2 Stealth


You had 3 spell levels left.
You didn't know any spells.
Your spell library was empty.

Inventory:

Hand Weapons
 a - a +0 shortbow (weapon)
Armour
 b - a +0 pair of boots (worn)
 g - a +0 ring mail
 h - a +0 pair of gloves (worn)
 i - a +0 scale mail of fire resistance (worn)
Potions
 d - a potion of curing
 e - a potion of resistance {unknown}
 j - a potion of enlightenment {unknown}

Dungeon Overview and Level Annotations

Branches:
Dungeon (3/15)

Altars:

Annotations:
D:3 Natasha


Message History

1917 ||| FLEEEEING.
1918 ||| FLEEEEING.
1919 ||| FLEEEEING.
1920 ||| FLEEEEING.
1921 ||| FLEEEEING.
There is a stone staircase leading up here.
1922 ||| STAIRDANCE You fly upwards.
There is a stone staircase leading down here.
1924 ||| FLEEEEING.
1925 ||| FLEEEEING.
1926 ||| FLEEEEING.
You condense into your normal self.
Your +0 shortbow unmelds from your body.
Your +0 pair of gloves unmelds from your body.
Your +0 pair of boots unmelds from your body.
Your +0 scale mail of fire resistance unmelds from your body.
You feel resistant to fire.
There is an open door here.
1927 ||| READING scroll labelled DIPHUE TEREDE.
The air fills with toxic fumes!
As you read the scroll labelled DIPHUE TEREDE, it crumbles to dust.
It was a scroll of poison.
1928 ||| DRINKING 2 smoky red potions.
It was a potion of invisibility.
You fade into invisibility!
1929 ||| DROPPING potion of invisibility.
You drop a potion of invisibility.
Enter note:
Enter note:
Enter note: You are poisoned.
You feel very sick.
1931 ||| Stepping ~*~*~tactically~*~*~ (cloud).
You feel very sick.
There is an open door here.
You see here a potion of invisibility.
1932 ||| FLEEEEING.
You are lethally poisoned!
You feel very sick.
1933 ||| Stepping ~*~*~tactically~*~*~ (cloud).
You die...

#...................#
##.#.#.#.#.#.#.#.#..#
#>..........|.......####
##.#.#.#.#.#.#.#.#.....#
#.................>....#
##.#.#.#.#.#.#.#.#.....#
########.####.########¤....#
.........#
#.###¤¤0¤¤¤....######
######.###
#¤¤¤@¤¤0¤¤¤.......... #.#
#¤###¤¤¤¤0¤....###### #.#
#.# #.¤0¤¤¤##+#...... #.#
#.# #..¤¤¤¤##.#.##### #.#
#.# #########.#.### #.# #.#
#.#...# #.# #.# #.###.# #.#
#.### #.# #.# #.# #...## #.#
#.###


There were no monsters in sight!

Vanquished Creatures
  A bombardier beetle (D:3)
  A ribbon worm (D:2)
  2 dart slugs
  7 ball pythons
  7 endoplasms
  A goblin (D:1)
  6 hobgoblins
  4 quokkas
  4 bats
  A frilled lizard (D:1)
  4 kobolds
  4 rats (D:1)
42 creatures vanquished.

Notes
Turn   | Place    | Note
-------+----------+-------------------------------------------
     0 | D:1      | qw the Deep Elf Hunter began the quest for the Orb.
     0 | D:1      | Reached XP level 1. HP: 12/12 MP: 3/3
     0 | D:1      | 0 ||| qw: Version: 0.3-a-155-g5e7d8dd
     0 | D:1      | 0 ||| qw: Game counter: 3413
     0 | D:1      | 0 ||| qw: Melee chars always use a shield: true
     0 | D:1      | 0 ||| qw: God list: Okawaru
     0 | D:1      | 0 ||| qw: Allow faded altars: false
     0 | D:1      | 0 ||| qw: Do Orc after clearing Dungeon:15 true
     0 | D:1      | 0 ||| qw: Do second Lair branch before Depths: true
     0 | D:1      | 0 ||| qw: Lair rune preference: random
     0 | D:1      | 0 ||| qw: Goals: Normal
     0 | D:1      | 0 ||| PLANNING D:1-11
    67 | D:1      | Reached XP level 2. HP: 16/16 MP: 4/4
    68 | D:1      | Reached skill level 6 in Ranged Weapons
   610 | D:1      | Reached XP level 3. HP: 20/20 MP: 5/5
   631 | D:1      | 631 ||| UPGRADING to +0 pair of gloves.
   636 | D:1      | 636 ||| UPGRADING to +0 scale mail of fire resistance.
   646 | D:1      | 646 ||| DROPPING +0 leather armour.
   647 | D:1      | 647 ||| READING scroll labelled URUNIO YGIE.
   647 | D:1      | 647 ||| IDENTIFYING murky green potion
   648 | D:1      | 648 ||| READING scroll labelled KIRESAOMYNT.
   749 | D:1      | 749 ||| DRINKING 2 cyan potions.
   788 | D:1      | 788 ||| DROPPING scroll of butterflies.
   789 | D:1      | 789 ||| DROPPING potion of lignification.
  1510 | D:2      | Reached skill level 7 in Ranged Weapons
  1695 | D:2      | 1695 ||| UPGRADING to +0 pair of boots.
  1700 | D:2      | 1700 ||| READING scroll labelled ZED JONLAFEOLA.
  1705 | D:2      | 1705 ||| READING scroll labelled TUASADURRAQUY.
  1706 | D:2      | 1706 ||| READING scroll labelled JOTOMO IRYNOPN.
  1790 | D:3      | Reached XP level 4. HP: 21/25 MP: 6/6
  1864 | D:3      | 1864 ||| FLEEEEING.
  1866 | D:3      | 1866 ||| FLEEEEING.
  1906 | D:3      | Noticed Natasha
  1907 | D:3      | 1907 ||| FLEEEEING.
  1908 | D:3      | 1908 ||| FLEEEEING.
  1909 | D:3      | 1909 ||| FLEEEEING.
  1910 | D:3      | 1910 ||| FLEEEEING.
  1911 | D:3      | 1911 ||| FLEEEEING.
  1912 | D:3      | 1912 ||| FLEEEEING.
  1913 | D:3      | 1913 ||| FLEEEEING.
  1914 | D:3      | 1914 ||| FLEEEEING.
  1915 | D:3      | 1915 ||| FLEEEEING.
  1916 | D:3      | 1916 ||| FLEEEEING.
  1917 | D:3      | 1917 ||| FLEEEEING.
  1918 | D:3      | 1918 ||| FLEEEEING.
  1919 | D:3      | 1919 ||| FLEEEEING.
  1920 | D:3      | 1920 ||| FLEEEEING.
  1921 | D:3      | 1921 ||| FLEEEEING.
  1922 | D:3      | 1922 ||| STAIRDANCE
  1924 | D:2      | 1924 ||| FLEEEEING.
  1925 | D:2      | 1925 ||| FLEEEEING.
  1926 | D:2      | 1926 ||| FLEEEEING.
  1927 | D:2      | 1927 ||| READING scroll labelled DIPHUE TEREDE.
  1928 | D:2      | 1928 ||| DRINKING 2 smoky red potions.
  1929 | D:2      | 1929 ||| DROPPING potion of invisibility.
  1931 | D:2      | 1931 ||| Stepping ~*~*~tactically~*~*~ (cloud).
  1932 | D:2      | 1932 ||| FLEEEEING.
  1932 | D:2      | HP: 3/25 [poisoned by you (poison gas)]
  1933 | D:2      | 1933 ||| Stepping ~*~*~tactically~*~*~ (cloud).
  1933 | D:2      | Succumbed to their own poison gas

Levels and vault maps discovered:
D:1:      scummos_arrival_forest, layout_basic
D:2:      layout_basic, st_stairs_12
D:3:      layout_basic, grunt_temple_overflow_open, uniq_natasha, uniq_sigmund

Skill      XL: |  1  2  3 |
---------------+----------+-----
Ranged Weapons | 6 7 |  7.7
Fighting       | |  1.5
Dodging        | |  2.4
Stealth        | |  1.2

Action                     |  1- 3 |  4- 6 || total
---------------------------+-------+-------++-------
   Fire: Shortbow          |   116 |     4 ||   120
    Use: Scroll            |     5 |     1 ||     6
         Potion            |     1 |     1 ||     2
 Armour: Leather armour    |    15 |       ||    15
         Scale mail        |    12 |     1 ||    13
  Dodge: Dodged            |    27 |       ||    27

Table legend:
 A = Non-vault XP
 B = Vault XP
 C = Vault XP percentage of total XP
 D = Non-vault monster count
 E = Vault monster count
 F = Vault count percentage of total count
                 A         B        C        D         E       F
            +---------+---------+-------+---------+---------+-------
      Total |     119 |       5 |   4.0 |      41 |       1 |   2.4
            +---------+---------+-------+---------+---------+-------
        D:1 |      44 |       0 |   0.0 |      26 |       0 |   0.0
        D:2 |      15 |       5 |  25.0 |       9 |       1 |  10.0
        D:3 |      60 |       0 |   0.0 |       6 |       0 |   0.0
            +---------+---------+-------+---------+---------+-------
